PCL
CALGARY COWBOYS @ HOUSTON HAMMERTIME
06/27/2026
 
TOP OF THE 1ST
Calgary Cowboys batting - Pitching for Houston Hammertime : RHP Norberto Méndez
Pitching: RHP Norberto Méndez
Batting: RHB Luis Peña 0-0: Ball
1-0: Called Strike
1-1: Foul Ball, location: 2F
1-2: Foul Ball, location: 2F
1-2: Strikes out swinging
Batting: RHB Jorge Balencia 0-0: Ball
1-0: Ball
2-0: Swinging Strike
2-1: Called Strike
2-2: Ball
3-2: Foul Ball, location: 2F
3-2: Strikes out swinging
Batting: LHB Miguel Pérez 0-0: Called Strike
0-1: Foul Ball, location: 2F
0-2: Ball
1-2: SINGLE (Flyball, 89S)
Batting: RHB Dan Wyatt 0-0: Called Strike
Miguel Pérez steals 2nd base
0-1: Ball
1-1: Ball
2-1: SINGLE (Flyball, 8RS)
Miguel Pérez to third
Runner from 3rd tries for Home, SAFE, no throw or cutoff
Batting: RHB Clark Hodge 0-0: Ball
1-0: Called Strike
1-1: SINGLE (Line Drive, 6M)
Dan Wyatt to second
Batting: RHB Shayne Burry 0-0: Foul Ball, location: 2F
0-1: Ball
1-1: Called Strike
1-2: Fly out, F8 (Flyball, 8LM)
Top of the 1st over - 1 run(s), 3 hit(s), 0 error(s), 2 left on base; Calgary 1 - Houston 0
BOTTOM OF THE 1ST
Houston Hammertime batting - Pitching for Calgary Cowboys : RHP Esteban Castro
Pitching: RHP Esteban Castro
Batting: LHB Fernando Camacho 0-0: Ball
1-0: Ball
2-0: Foul Ball, location: 2F
2-1: Ball
3-1: Foul Ball, location: 2F
3-2: Strikes out looking
Batting: RHB Rafael Torres 0-0: Ball
1-0: Ground out 4-3 (Groundball, 4M)
Batting: SHB Cristo Ontiveros 0-0: Ball
1-0: Ball
2-0: SINGLE (Line Drive, 6MD)
Batting: LHB Enrique Valentín 0-0: Ball
1-0: Ground out 4-3 (Groundball, 4)
Bottom of the 1st over - 0 run(s), 1 hit(s), 0 error(s), 1 left on base; Calgary 1 - Houston 0
TOP OF THE 2ND
Calgary Cowboys batting - Pitching for Houston Hammertime : RHP Norberto Méndez
Batting: RHB Ramón Martínez 0-0: Swinging Strike
0-1: Called Strike
0-2: Foul Ball, location: 2F
0-2: Ball
1-2: Foul Ball, location: 2F
1-2: Ball
2-2: Strikes out swinging
Batting: LHB Freddy Herrera 0-0: Ball
1-0: Called Strike
1-1: SINGLE (Line Drive, 8LS)
Batting: RHB Mike Wilcox 0-0: Grounds into double play, 1-6-3 (Groundball, 13)
Top of the 2nd over - 0 run(s), 1 hit(s), 0 error(s), 0 left on base; Calgary 1 - Houston 0
BOTTOM OF THE 2ND
Houston Hammertime batting - Pitching for Calgary Cowboys : RHP Esteban Castro
Batting: RHB Richard Coker 0-0: Called Strike
0-1: Ball
1-1: Called Strike
1-2: Ball
2-2: Ball
3-2: Base on Balls
Batting: RHB Alberto Chávez 0-0: Ball
1-0: Called Strike
1-1: Swinging Strike
1-2: Foul Ball, location: 2F
1-2: Ball
2-2: Foul Ball, location: 2F
2-2: Strikes out swinging
Batting: LHB Bartolo Villanueva 0-0: Foul Ball, location: 2F
0-1: Foul Ball, location: 2F
0-2: Foul Ball, location: 2F
0-2: Foul Ball, location: 2F
0-2: Foul Ball, location: 2F
0-2: Ground out 4-3 (Groundball, 4M)
Richard Coker to second
Batting: RHB Dan Mason 0-0: Ball
1-0: Ball
2-0: Ball
3-0: Called Strike
3-1: Foul Ball, location: 2F
3-2: Foul Ball, location: 2F
3-2: Foul Ball, location: 2F
3-2: Base on Balls
Batting: RHB Santo Cruz 0-0: Ball
1-0: Called Strike
1-1: Swinging Strike
1-2: Ball
2-2: Foul Ball, location: 2F
2-2: Ball
3-2: Foul Ball, location: 2F
3-2: Base on Balls
Richard Coker to third
Dan Mason to second
Batting: LHB Fernando Camacho 0-0: Ball
1-0: Ball
2-0: Ball
3-0: Called Strike
3-1: Base on Balls
Richard Coker scores
Dan Mason to third
Santo Cruz to second
Batting: RHB Rafael Torres 0-0: Foul Ball, location: 2F
0-1: Ball
1-1: Swinging Strike
1-2: SINGLE (Groundball, 34D) (infield hit)
Dan Mason scores
Santo Cruz to third
Fernando Camacho to second
Batting: SHB Cristo Ontiveros 0-0: SINGLE (Line Drive, 89M)
Santo Cruz scores
Fernando Camacho to third
Rafael Torres to second
Batting: LHB Enrique Valentín 0-0: Called Strike
0-1: Ball
1-1: Swinging Strike
1-2: Ball
2-2: Strikes out swinging
Bottom of the 2nd over - 3 run(s), 2 hit(s), 0 error(s), 3 left on base; Calgary 1 - Houston 3
TOP OF THE 3RD
Calgary Cowboys batting - Pitching for Houston Hammertime : RHP Norberto Méndez
Batting: RHB Luis Peña 0-0: Called Strike
0-1: Fly out, F8 (Flyball, 8LM)
Batting: RHB Jorge Balencia 0-0: Called Strike
0-1: Ground out 1-3 (Groundball, 25)
Batting: LHB Miguel Pérez 0-0: Called Strike
0-1: Fly out, F8 (Flyball, 8LXD)
Top of the 3rd over - 0 run(s), 0 hit(s), 0 error(s), 0 left on base; Calgary 1 - Houston 3
BOTTOM OF THE 3RD
Houston Hammertime batting - Pitching for Calgary Cowboys : RHP Esteban Castro
Batting: RHB Richard Coker 0-0: Ball
1-0: Called Strike
1-1: Called Strike
1-2: Foul Ball, location: 2F
1-2: Ball
2-2: Foul Ball, location: 2F
2-2: Ground out 4-3 (Groundball, 4)
Batting: RHB Alberto Chávez 0-0: Called Strike
0-1: Ball
1-1: Foul Ball, location: 2F
1-2: Strikes out swinging
Batting: LHB Bartolo Villanueva 0-0: Called Strike
0-1: Swinging Strike
0-2: Ball
1-2: Ball
2-2: Foul Ball, location: 2F
2-2: Ball
3-2: Base on Balls
Batting: RHB Dan Mason 0-0: Ball
1-0: Ball
2-0: Ground out 5-3 (Groundball, 5L)
Bottom of the 3rd over - 0 run(s), 0 hit(s), 0 error(s), 1 left on base; Calgary 1 - Houston 3
TOP OF THE 4TH
Calgary Cowboys batting - Pitching for Houston Hammertime : RHP Norberto Méndez
Batting: RHB Dan Wyatt 0-0: Ball
1-0: Ball
2-0: Foul Ball, location: 2F
2-1: Ball
3-1: Fly out, F9 (Flyball, 89D)
Batting: RHB Clark Hodge 0-0: SOLO HOME RUN (Flyball, 7D), Distance : 368 ft
Batting: RHB Shayne Burry 0-0: Called Strike
0-1: Ground out 6-3 (Groundball, 6M)
Batting: RHB Ramón Martínez 0-0: Foul Ball, location: 2F
0-1: Fly out, F5 (Popup, 25F)
Top of the 4th over - 1 run(s), 1 hit(s), 0 error(s), 0 left on base; Calgary 2 - Houston 3
BOTTOM OF THE 4TH
Houston Hammertime batting - Pitching for Calgary Cowboys : RHP Esteban Castro
Batting: RHB Santo Cruz 0-0: Ball
1-0: Called Strike
1-1: Ball
2-1: Fly out, F7 (Flyball, 7M)
Batting: LHB Fernando Camacho 0-0: Ball
1-0: Ball
2-0: SINGLE (Line Drive, 7LS)
Batting: RHB Rafael Torres 0-0: Foul Ball, location: 2F
0-1: Swinging Strike
0-2: Ball
1-2: Strikes out swinging
Batting: SHB Cristo Ontiveros 0-0: Ball
1-0: Ball
2-0: Called Strike
2-1: Ground out 4-3 (Groundball, 34)
Bottom of the 4th over - 0 run(s), 1 hit(s), 0 error(s), 1 left on base; Calgary 2 - Houston 3
TOP OF THE 5TH
Calgary Cowboys batting - Pitching for Houston Hammertime : RHP Norberto Méndez
Batting: LHB Freddy Herrera 0-0: Called Strike
0-1: Called Strike
0-2: Foul Ball, location: 2F
0-2: Fly out, F7 (Flyball, 78M)
Batting: RHB Mike Wilcox 0-0: Ball
1-0: Foul Ball, location: 2F
1-1: Swinging Strike
1-2: Foul Ball, location: 2F
1-2: Strikes out swinging
Batting: RHB Luis Peña 0-0: Reached on error, E6 (Groundball, 6)
Batting: RHB Jorge Balencia 0-0: Ball
1-0: Ball
2-0: Called Strike
2-1: Called Strike
2-2: SINGLE (Flyball, 7S)
Luis Peña to second
Luis Peña to third
Batting: LHB Miguel Pérez 0-0: Fielders Choice at 2nd, 5-4 (Groundball, 56)
Top of the 5th over - 0 run(s), 1 hit(s), 1 error(s), 1 left on base; Calgary 2 - Houston 3
BOTTOM OF THE 5TH
Houston Hammertime batting - Pitching for Calgary Cowboys : RHP Esteban Castro
Pitching: RHP Mitsunari Jouda
Batting: LHB Enrique Valentín 0-0: Foul Ball, location: 2F
0-1: SINGLE (Line Drive, 6M)
Batting: RHB Richard Coker 0-0: Ball
1-0: Ball
Enrique Valentín steals 2nd base
2-0: Called Strike
2-1: Ball
3-1: Base on Balls
Batting: RHB Alberto Chávez 0-0: Ball
1-0: Grounds into double play, U4-3 (Groundball, 4)
Enrique Valentín to third
Batting: LHB Bartolo Villanueva 0-0: Ball
1-0: Called Strike
1-1: Called Strike
1-2: Ball
2-2: Foul Ball, location: 2F
2-2: Ball
3-2: Base on Balls
Batting: RHB Dan Mason 0-0: Fly out, F6 (Line Drive, 6)
Bottom of the 5th over - 0 run(s), 1 hit(s), 0 error(s), 2 left on base; Calgary 2 - Houston 3
TOP OF THE 6TH
Calgary Cowboys batting - Pitching for Houston Hammertime : RHP Norberto Méndez
Batting: RHB Dan Wyatt 0-0: Ball
1-0: Called Strike
1-1: Swinging Strike
1-2: Strikes out swinging
Batting: RHB Clark Hodge 0-0: Ground out 6-3 (Groundball, 6)
Batting: RHB Shayne Burry 0-0: SOLO HOME RUN (Flyball, 8LXD), Distance : 434 ft
Batting: RHB Ramón Martínez 0-0: Ball
1-0: Ball
2-0: Called Strike
2-1: Foul Ball, location: 2F
2-2: Strikes out looking
Top of the 6th over - 1 run(s), 1 hit(s), 0 error(s), 0 left on base; Calgary 3 - Houston 3
BOTTOM OF THE 6TH
Houston Hammertime batting - Pitching for Calgary Cowboys : RHP Mitsunari Jouda
Batting: RHB Santo Cruz 0-0: Foul Ball, location: 2F
0-1: Ball
1-1: Swinging Strike
1-2: Ball
2-2: Ball
3-2: Base on Balls
Batting: LHB Fernando Camacho 0-0: Ball
Wild Pitch!
Santo Cruz to second
1-0: Called Strike
1-1: Foul Ball, location: 2F
1-2: Foul Ball, location: 2F
1-2: Foul Ball, location: 2F
1-2: Foul Ball, location: 2F
1-2: SINGLE (Line Drive, 4M)
Santo Cruz to third
Runner from 3rd tries for Home, SAFE, throw made home
Fernando Camacho to second
Batting: RHB Rafael Torres 0-0: Called Strike
0-1: Ball
1-1: Swinging Strike
1-2: Strikes out looking
Batting: SHB Cristo Ontiveros 0-0: Intentional Walk
Pitching: RHP Glen Brewer
Batting: LHB Enrique Valentín 0-0: Ball
1-0: Called Strike
1-1: Ball
2-1: Foul Ball, location: 2F
2-2: Strikes out swinging
Batting: RHB Richard Coker 0-0: Foul Ball, location: 2F
0-1: Ball
1-1: SINGLE (Line Drive, 3D)
Fernando Camacho to third
Cristo Ontiveros to second
Runner from 3rd tries for Home, SAFE, no throw or cutoff
Batting: RHB Alberto Chávez 0-0: Ball
1-0: Ball
2-0: Ball
3-0: Called Strike
3-1: Ground out 4-3 (Groundball, 4)
Bottom of the 6th over - 2 run(s), 2 hit(s), 0 error(s), 2 left on base; Calgary 3 - Houston 5
TOP OF THE 7TH
Calgary Cowboys batting - Pitching for Houston Hammertime : RHP Norberto Méndez
Batting: LHB Freddy Herrera 0-0: Called Strike
0-1: Fly out, F8 (Flyball, 8LS)
Batting: RHB Mike Wilcox 0-0: Foul Ball, location: 2F
0-1: Foul Ball, location: 2F
0-2: Foul Ball, location: 2F
0-2: SINGLE (Groundball, 6M)
Batting: RHB Luis Peña 0-0: Fly out, F7 (Flyball, 7M)
Batting: RHB Jorge Balencia 0-0: Ball
Mike Wilcox is caught stealing 2nd base
Top of the 7th over - 0 run(s), 1 hit(s), 0 error(s), 0 left on base; Calgary 3 - Houston 5
BOTTOM OF THE 7TH
Houston Hammertime batting - Pitching for Calgary Cowboys : RHP Glen Brewer
Batting: LHB Bartolo Villanueva 0-0: Fly out, F8 (Flyball, 8LM)
Batting: RHB Dan Mason 0-0: Called Strike
0-1: Swinging Strike
0-2: Ground out 1-3 (Groundball, 23)
Batting: RHB Santo Cruz 0-0: Called Strike
0-1: Ball
1-1: Swinging Strike
1-2: Ball
2-2: Ball
3-2: Foul Ball, location: 2F
3-2: Strikes out swinging
Bottom of the 7th over - 0 run(s), 0 hit(s), 0 error(s), 0 left on base; Calgary 3 - Houston 5
TOP OF THE 8TH
Calgary Cowboys batting - Pitching for Houston Hammertime : RHP Norberto Méndez
Pitching: RHP Robert Powers
Batting: RHB Jorge Balencia 0-0: Foul Ball, location: 2F
0-1: Ball
1-1: Ball
2-1: Ground out 6-3 (Groundball, 6M)
Batting: LHB Miguel Pérez 0-0: Ball
1-0: Called Strike
1-1: Ball
2-1: Swinging Strike
2-2: Reached on error, E5 (Groundball, 15S)
Batting: RHB Dan Wyatt 0-0: Foul Ball, location: 2F
0-1: Swinging Strike
0-2: Strikes out swinging
Batting: RHB Clark Hodge 0-0: Ball
1-0: Ball
2-0: Swinging Strike
2-1: Ball
3-1: Base on Balls
Batting: RHB Shayne Burry 0-0: Called Strike
0-1: Ball
1-1: Ball
2-1: Swinging Strike
2-2: Foul Ball, location: 2F
2-2: Ball
3-2: Foul Ball, location: 2F
3-2: Foul Ball, location: 2F
3-2: Base on Balls
Miguel Pérez to third
Clark Hodge to second
Batting: RHB Ramón Martínez 0-0: Ball
1-0: Ball
2-0: Foul Ball, location: 2F
2-1: Ball
3-1: Swinging Strike
3-2: Strikes out swinging
Top of the 8th over - 0 run(s), 0 hit(s), 1 error(s), 3 left on base; Calgary 3 - Houston 5
BOTTOM OF THE 8TH
Houston Hammertime batting - Pitching for Calgary Cowboys : RHP Glen Brewer
Batting: LHB Fernando Camacho 0-0: Foul Ball, location: 2F
0-1: Hit by Pitch
Batting: RHB Rafael Torres 0-0: Bunted foul
0-1: Ball
1-1: Sac Bunt - play at first, batter OUT! 1-4
Fernando Camacho to second
Batting: SHB Cristo Ontiveros 0-0: Intentional Walk
Pitching: LHP Boboy Ambay
Pinch Hitting: RHB Arturo Rodríguez 0-0: Ball
1-0: Called Strike
1-1: Foul Ball, location: 2F
1-2: Ball
2-2: Foul Ball, location: 2F
2-2: Grounds into double play, 1-6-3 (Groundball, 13)
Bottom of the 8th over - 0 run(s), 0 hit(s), 0 error(s), 1 left on base; Calgary 3 - Houston 5
TOP OF THE 9TH
Calgary Cowboys batting - Pitching for Houston Hammertime : RHP Robert Powers
Pitching: RHP Brandon Williams
Now in LF: Arturo Rodríguez
Batting: LHB Freddy Herrera 0-0: Reached on error, E3 (Groundball, 3S)
Batting: RHB Mike Wilcox 0-0: Called Strike
0-1: Ball
1-1: Ball
2-1: Called Strike
2-2: Ball
3-2: Strikes out swinging
Batting: RHB Luis Peña 0-0: Ball
1-0: Ball
2-0: Ball
3-0: Called Strike
3-1: Called Strike
3-2: Base on Balls
Freddy Herrera to second
Batting: RHB Jorge Balencia 0-0: Called Strike
0-1: Foul Ball, location: 2F
0-2: Ball
1-2: Ball
2-2: Strikes out looking
Batting: LHB Miguel Pérez 0-0: Foul Ball, location: 2F
0-1: Ground out 1-3 (Groundball, 13)
Top of the 9th over - 0 run(s), 0 hit(s), 1 error(s), 2 left on base; Calgary 3 - Houston 5
Monday, December 5th, 2016 - OOTP Baseball 17.12 Build 75